 Dungeon Crawl Stone Soup version 0.19.3-4-gbf9329e (webtiles) character file.

1044 theAP the Basher (level 8, 0/65 HPs)
             Began as a Formicid Fighter on Jan 29, 2017.
             Was an Initiate of Ru.
             Slain by a killer bee (2 damage)
             ... on level 6 of the Dungeon.
             The game lasted 00:11:10 (4637 turns).

theAP the Basher (Formicid Fighter)                 Turns: 4637, Time: 00:11:11

Health: 0/65       AC: 10    Str: 26    XL:     8   Next: 49%
Magic:  8/8        EV:  8    Int:  7    God:    Ru [......]
Gold:   298        SH: 10    Dex: 10    Spells: 0 memorised, 7 levels left

rFire  . . .     SeeInvis +     n - +3 flail (drain)
rCold  . . .     Gourm    .     y - +1 scale mail {rPois}
rNeg   . . .     Faith    .     c - +0 shield
rPois  +         Spirit   .     (helmet unavailable)
rElec  .         Reflect  .     i - +0 cloak
rCorr  +         Harm     .     x - +0 pair of gloves
MR     .....                    (no boots)
Stlth  ..........               (no amulet)
                                (no ring)
                                r - ring of resist corrosion

@: no status effects
A: permanent stasis, dig shafts and tunnels, four strong arms, antennae 3,
strong 1, no stealth
a: Dig, Shaft Self, Renounce Religion


You were on level 6 of the Dungeon.
You worshipped Ru.
Ru was noncommittal.
You were hungry.

You visited 1 branch of the dungeon, and saw 6 of its levels.

You collected 298 gold pieces.

Inventory:

Hand Weapons
 a - a +0 flail
 n - a +3 flail of draining (weapon)
Armour
 b - a +0 scale mail
 c - a +0 shield (worn)
 d - a +0 chain mail
 i - a +0 cloak (worn)
 x - a +0 pair of gloves (worn)
 y - a +1 scale mail of poison resistance (worn)
Jewellery
 r - a ring of resist corrosion (left hand)
Wands
 v - a wand of paralysis (9/24)
Scrolls
 j - 4 scrolls of remove curse
 m - 3 scrolls of identify
 o - a scroll of noise
 p - a scroll of random uselessness {unknown}
 t - 2 scrolls of magic mapping {unknown}
 u - a scroll of enchant armour {unknown}
 w - 2 scrolls of blinking {unknown}
Potions
 g - a potion of cancellation
 k - 2 potions of degeneration
 l - a potion of resistance
 s - a potion of haste
Books
 e - a book of Conjurations

   Spells                             Type                      Level
   a - Magic Dart                     Conjuration                  1
   b - Searing Ray                    Conjuration                  2
   c - Dazzling Spray                 Conjuration/Hexes            3
   d - Fulminant Prism                Conjuration/Hexes            4
   e - Iskenderun's Mystic Blast      Conjuration                  4
   f - Iskenderun's Battlesphere      Conjuration/Charms           5
 q - a book of Flames

   Spells                             Type                      Level
   a - Flame Tongue                   Conjuration/Fire             1
   b - Throw Flame                    Conjuration/Fire             2
   c - Conjure Flame                  Conjuration/Fire             3
   d - Inner Flame                    Hexes/Fire                   3
   e - Sticky Flame                   Conjuration/Fire             4
   f - Fireball                       Conjuration/Fire             5
Comestibles
 f - 5 bread rations
 h - 6 meat rations
 z - a chunk of flesh


   Skills:
 + Level 6.5 Fighting
 * Level 8.1 Maces & Flails
 - Level 3.2 Armour
 - Level 3.6 Shields


You had 7 spell levels left.
You didn't know any spells.

Dungeon Overview and Level Annotations

Branches:
Dungeon (6/15)             Temple (0/1) D:4

Altars:
Ashenzari
Dithmenos
Elyvilon
Gozag
Makhleb
Ru
Uskayaw
Yredelemnul


Innate Abilities, Weirdness & Mutations

You are under a permanent stasis effect.
You can dig through walls and to a lower floor.
Your four strong arms can wield two-handed weapons with a shield.
You have a pair of large antennae on your head. (SInv)
You cannot be stealthy.
Your muscles are strong. (Str +2)


Message History

An orc priest comes into view.
The killer bee barely misses you. You block the killer bee's attack.
The killer bee barely misses you.
The orc priest shouts!
The killer bee stings you.
* * * LOW HITPOINT WARNING * * *
The killer bee stings you but does no damage.
Items here: [ ††† a leather armour; a kobold corpse; an adder corpse; an orc corpse The killer bee stings you but does no damage.
The killer bee stings you but does no damage.
The killer bee barely misses you. The killer bee stings you!
* * * LOW HITPOINT WARNING * * *
The killer bee stings you.
* * * LOW HITPOINT WARNING * * *
Okay, then.
You block the killer bee's attack. The killer bee stings you.
You die...

y<........o.o......##
.y..........#[#.....#
o....#.....##.####..###
.....########{.###....#
.###.# ##..##....# . ..
##o##....# . ..
#.####### ( ... #y####
#.@<.#########
######..........
.................
..#######........
#########


You could see an orc warrior and a killer bee.

Vanquished Creatures
  The ghost of shas the Slasher, an amateur MiFi (D:3)
  A water moccasin (D:5)
  An ogre (D:4)
  2 killer bees (D:6)
  A crimson imp (D:6)
  2 orc priests
  4 hounds
  An iguana (D:4)
  3 orc wizards
  3 worker ants
  4 adders
  3 gnolls (D:4)
  3 oozes
  3 worms
  2 dart slugs
  3 leopard geckos
  19 orcs
  4 ball pythons
  5 bats
  6 giant cockroaches
  11 goblins
  12 hobgoblins
  9 jackals
  9 kobolds
  A quokka (D:5)
  9 frilled lizards
  A jackal skeleton (D:4)
  A quokka zombie (D:5)
  6 rats
130 creatures vanquished.

Notes
Turn   | Place    | Note
-------+----------+-------------------------------------------
     0 | D:1      | theAP the Formicid Fighter began the quest for the Orb.
     0 | D:1      | Reached XP level 1. HP: 18/18 MP: 1/1
    84 | D:1      | Reached XP level 2. HP: 15/24 MP: 2/2
   354 | D:1      | Reached XP level 3. HP: 19/29 MP: 3/3
   488 | D:1      | Reached skill level 3 in Maces & Flails
   838 | D:2      | Found a burning altar of Makhleb.
  1015 | D:2      | Reached XP level 4. HP: 30/37 MP: 4/4
  1758 | D:3      | Reached skill level 4 in Maces & Flails
  1791 | D:3      | Found a sacrificial altar of Ru.
  1791 | D:3      | Found a faded altar of an unknown god.
  1798 | D:3      | Found a faded altar of an unknown god.
  1800 | D:3      | Found a faded altar of an unknown god.
  1801 | D:3      | Found a faded altar of an unknown god.
  1823 | D:3      | Became a worshipper of Ru the Awakened
  1957 | D:3      | Reached XP level 5. HP: 30/42 MP: 5/5
  1958 | D:3      | Found a shattered altar of Ashenzari.
  1960 | D:3      | Noticed shas's ghost (amateur MiFi)
  1981 | D:3      | Gained mutation: Your muscles are strong. (Str +2) [potion of beneficial mutation]
  1987 | D:3      | Killed shas's ghost
  1987 | D:3      | Reached skill level 5 in Maces & Flails
  1987 | D:3      | Reached XP level 6. HP: 14/50 MP: 6/6
  2240 | D:3      | Reached skill level 5 in Fighting
  2901 | D:4      | Noticed an ogre
  2903 | D:4      | Killed an ogre
  2903 | D:4      | Reached XP level 7. HP: 34/56 MP: 7/7
  2917 | D:4      | Reached skill level 6 in Maces & Flails
  3173 | D:4      | Found a staircase to the Ecumenical Temple.
  3766 | D:4      | Gained mutation: You cannot be stealthy. [Ru sacrifice]
  3777 | D:4      | Found an opulent altar of Gozag.
  3875 | D:5      | Entered Level 5 of the Dungeon
  3882 | D:5      | Found a hide-covered altar of Uskayaw.
  3905 | D:5      | Reached skill level 7 in Maces & Flails
  3994 | D:5      | Found a shadowy altar of Dithmenos.
  4104 | D:5      | Noticed a water moccasin
  4108 | D:5      | Killed a water moccasin
  4108 | D:5      | Reached XP level 8. HP: 64/64 MP: 8/8
  4246 | D:5      | Found a basalt altar of Yredelemnul.
  4248 | D:5      | Found a white marble altar of Elyvilon.
  4616 | D:6      | Reached skill level 8 in Maces & Flails
  4635 | D:6      | HP: 1/65 [killer bee (4)]
  4637 | D:6      | Slain by a killer bee

Skill      XL: |  1  2  3  4  5  6  7  8 |
---------------+-------------------------+-----
Maces & Flails | 3 4 5 7 8 |  8.1
Fighting       | 4 5 6 |  6.5
Armour         | |  3.2
Shields        | |  3.6

Action                   |  1- 3 |  4- 6 |  7- 9 || total
-------------------------+-------+-------+-------++-------
Melee: Flail             |   128 |   137 |   157 ||   422
Invok: Sacrifice Stealth |       |       |     1 ||     1
  Use: Potion            |       |     5 |       ||     5
       Scroll            |       |     7 |     1 ||     8
  Eat: Chunk             |       |     5 |     2 ||     7
       Meat ration       |       |     1 |       ||     1
Armor: Scale mail        |    54 |    48 |    32 ||   134
       Chain mail        |       |       |    32 ||    32
Dodge: Dodged            |    27 |    45 |    48 ||   120
Block: Shield            |    82 |    60 |    88 ||   230
